 Dungeon Crawl Stone Soup version 0.28-a0-1347-g113dc556a4 (webtiles) character file.

Game seed: 2153012008153767983

56 Armakuni the Conjurer (level 4, 0/30 HPs)
             Began as a Human Conjurer on Dec 29, 2021.
             Slain by a wyvern skeleton (14 damage)
             ... on level 3 of the Dungeon.
             The game lasted 00:04:29 (2585 turns).

Armakuni the Conjurer (Human Conjurer)              Turns: 2585, Time: 00:04:30

Health: 0/30       AC:  3    Str: 10    XL:     4   Next: 17%
Magic:  3/8        EV: 12    Int: 18    God:
Gold:   103        SH:  0    Dex: 11    Spells: 2/9 levels left

rFire   . . .      SeeInvis .   a - +0 whip
rCold   . . .      Faith    .   (no shield)
rNeg    . . .      Spirit   .   d - +0 robe
rPois   .          Reflect  .   (no helmet)
rElec   .          Harm     .   h - +0 cloak
rCorr   .          Rampage  .   (no gloves)
Will    .....                   (no boots)
Stlth   ++........              (no amulet)
HPRegen 0.10/turn               (no ring)
MPRegen 0.11/turn               (no ring)

@: flying
A: no striking features
a: no special abilities


You were on level 3 of the Dungeon.
You visited 1 branch of the dungeon, and saw 3 of its levels.

You collected 103 gold pieces.

Inventory:

Hand Weapons
 a - a +0 whip (weapon)
Armour
 d - a +0 robe (worn)
 g - a +0 leather armour
 h - a +0 cloak (worn)
Scrolls
 b - 2 scrolls of enchant armour
 e - 3 scrolls of identify
 i - a scroll of enchant weapon {unknown}
 j - a scroll of blinking {unknown}
 l - a scroll of vulnerability {unknown}
Potions
 f - 2 potions of curing


   Skills:
 - Level 2.0 Dodging
 - Level 2.0 Stealth
 + Level 3.0 Spellcasting
 + Level 4.7 Conjurations


You had 2 spell levels left.
You knew the following spells:

 Your Spells              Type           Power      Damage    Failure   Level
a - Magic Dart            Conj           76%        1d6       2%          1
s - Sticky Flame          Conj/Fire      11%        2d3       52%         4
z - Searing Ray           Conj           38%        2d5       3%          2

Your spell library contained the following spells:

 Spells                   Type           Power      Damage    Failure   Level
 Conjure Flame            Conj/Fire      11%        6-21      19%         3
 Dazzling Flash           Conj/Hex       22%        N/A       19%         3
 Gell's Gravitas          Tloc           2%         N/A       43%         3
 Ignite Poison            Fire/Tmut/Pois 2%         N/A       43%         3
 Teleport Other           Tloc           2%         N/A       43%         3
 Fulminant Prism          Conj/Hex       5%         3d7       52%         4
 Iskenderun's Mystic Bla  Conj/Tloc      11%        2d4       52%         4
 Dispersal                Tloc           1%         N/A       100%        6


Dungeon Overview and Level Annotations

Branches:
Dungeon (3/15)

Altars:


Message History

The wyvern skeleton is lightly damaged. (Press . to maintain the ray.)
The ufetubus shouts!
The endoplasm misses you.
The searing ray hits the endoplasm.
You kill the endoplasm!
The searing ray hits the wyvern skeleton.
The wyvern skeleton is lightly damaged.
The wyvern skeleton bites you!
The searing ray hits the wyvern skeleton!
The wyvern skeleton is moderately damaged.
The wyvern skeleton bites you!
As you read the scroll labelled BULOOR BITT, it crumbles to dust.
It is a scroll of identify.
b - 2 scrolls of enchant armour The wyvern skeleton barely misses you.
The ufetubus closely misses you. The ufetubus misses you.
The ufetubus hits you but does no damage.
The ufetubus closely misses you. The wyvern skeleton closely misses you.
Okay, then.
It was a potion of curing.
You feel better. The ufetubus barely misses you. The ufetubus misses you.
The wyvern skeleton bites you.
As you read the scroll labelled UNUFRO FUNE, it crumbles to dust.
The scroll dissolves into smoke.
It was a scroll of fog.
The ufetubus barely misses you. x2; The wyvern skeleton closely misses you.
The ufetubus hits you but does no damage.
The ufetubus hits you.
Your magical contamination has completely faded away.
The ufetubus hits you. The ufetubus misses you.
The wyvern skeleton barely misses you.
Okay, then.
It was a potion of flight.
You feel very buoyant.
You fly up into the air.
The ufetubus barely misses you. The ufetubus hits you.
* * * LOW HITPOINT WARNING * * *
The wyvern skeleton closely misses you. The ufetubus closely misses you.
The ufetubus barely misses you.
You feel better. The ufetubus hits you. The ufetubus closely misses you.
The wyvern skeleton bites you!
You die...

..................#
..................#
..................#
..................#
..................##
..........##.......#
.........)##..§§§#..
..........##..§§§# .
..........##..§§@## ...
..........##..§§Z5##.....
..........##..§§§§§......
..........##.....##......
......................>..
.........................
............#............
######......###...#......
#### #.#..#...#..........


You could see an ufetubus and a wyvern skeleton.

Vanquished Creatures
  A gnoll (D:3)
  An adder (D:2)
  2 worms
  2 bats
  4 endoplasms
  A giant cockroach (D:2)
  3 goblins
  3 hobgoblins
  2 jackals (D:3)
  A quokka (D:2)
  3 ball pythons
  A frilled lizard (D:2)
  5 kobolds
  A rat (D:1)
30 creatures vanquished.

Notes
Turn   | Place    | Note
-------+----------+-------------------------------------------
     0 | D:1      | Armakuni the Human Conjurer began the quest for the Orb.
     0 | D:1      | Reached XP level 1. HP: 13/13 MP: 3/3
   316 | D:1      | Reached XP level 2. HP: 19/19 MP: 3/5
   535 | D:1      | Found a faded altar of an unknown god.
   580 | D:1      | Learned a level 2 spell: Searing Ray
  1400 | D:2      | Reached XP level 3. HP: 24/24 MP: 2/6
  2288 | D:3      | Reached XP level 4. HP: 29/30 MP: 0/8
  2385 | D:3      | Learned a level 4 spell: Sticky Flame
  2585 | D:3      | Slain by a wyvern skeleton

Illustrated notes

Levels and vault maps discovered:
D:1:      heliophobic_arrival_battle_scene, layout_loops_ring,
          hellmonk_ecumenical_altar_heavens_door, minmay_misc_feat_roman
D:2:      layout_basic, kennysheep_generic_room_11
D:3:      layout_rooms, minivault_4, hangedman_decor_opposing,
          corexii_item_surrounded_by_moat

Skill      XL: |  1  2  3 |
---------------+----------+-----
Spellcasting   | 3 |  3.0
Dodging        | |  2.0
Stealth        | |  2.0
Conjurations   | |  4.7

Action                   |  1- 3 |  4- 6 || total
-------------------------+-------+-------++-------
Melee: Whip              |    10 |       ||    10
 Cast: Magic Dart        |    14 |       ||    14
       Searing Ray       |    17 |     3 ||    20
  Use: Scroll            |     1 |     2 ||     3
       Potion            |       |     3 ||     3
Armor: Robe              |     6 |     2 ||     8
Dodge: Dodged            |    12 |    18 ||    30

Table legend: (Time is in decaauts)
 A = Elapsed time spent in this place.
 B = Non-inter-level travel time spent in this place.
 C = Inter-level travel time spent in this place.
 D = Time resting spent in this place.
 E = Time spent auto-exploring this place.
 F = Levels seen in this place.
 G = Mean time per level.
                   A        B        C        D        E       F      G
               +--------+--------+--------+--------+--------+-----+--------+
         Total |   2585 |   2532 |     53 |    266 |   1892 |   3 |  861.7 |
       Dungeon |   2585 |   2532 |     53 |    266 |   1892 |   3 |  861.7 |
               +--------+--------+--------+--------+--------+-----+--------+

Top non-repeatable levels by time:
     D:2: 1247 daAuts
     D:1: 844 daAuts
     D:3: 492 daAuts
